 Dungeon Crawl Stone Soup version 0.26-a0-664-gc8b27b8fc1 (webtiles) character file.

Game seed: 3901383646557031501

(classic levelgen) 4012 EnegeticOcto the Cleaver (level 10, -8/91 HPs)
             Began as a Deep Dwarf Fighter on Oct 13, 2020.
             Was a Believer of Makhleb.
             Killed from afar by Erica (24 damage)
             ... with a bolt of poison
             ... on level 8 of the Dungeon.
             The game lasted 00:02:57 (2941 turns).

EnegeticOcto the Cleaver (Deep Dwarf Fighter)       Turns: 2941, Time: 00:02:57

Health: -8/91      AC: 14    Str: 23    XL:     10   Next: 3%
Magic:  4/4        EV:  6    Int:  9    God:    Makhleb [**....]
Gold:   284        SH: 12    Dex: 12    Spells: 9/9 levels left

rFire    . . .     SeeInvis .   a - +0 war axe
rCold    . . .     Faith    .   c - +1 kite shield
rNeg     . . .     Spirit   .   t - +0 chain mail
rPois    .         Reflect  .   (no helmet)
rElec    .         Harm     .   p - +2 cloak
rCorr    .         Rampage  .   (no gloves)
MR       +....                  (no boots)
Stlth    ..........             (no amulet)
HPRegen  0.00/turn              (no ring)
MPRegen  0.09/turn              (no ring)

@: lethally poisoned (-8 -> -8), non-regenerating
A: damage resistance, heal wounds, sense surroundings 2, no regeneration
a: Heal Wounds, Minor Destruction, Renounce Religion


You were on level 8 of the Dungeon.
You worshipped Makhleb.
Makhleb was pleased with you.
You visited 1 branch of the dungeon, and saw 8 of its levels.
You visited the Abyss 1 time.

You collected 284 gold pieces.

Inventory:

Hand Weapons
 a - a +0 war axe (weapon)
Missiles
 f - 2 throwing nets (quivered)
Armour
 c - a +1 kite shield (worn)
 p - a +2 cloak (worn)
 t - a +0 chain mail (worn)
Wands
 h - a wand of polymorph (3)
 j - a wand of paralysis (16)
 k - a wand of iceblast (7) {@v2}
Scrolls
 e - a scroll of remove curse {@r2}
 i - a scroll of enchant armour
 n - a scroll of blinking
Potions
 b - a potion of mutation {unknown}
 d - 2 potions of might {@q3}
 g - a potion of heal wounds {@q2}
 l - a potion of stabbing
 m - 3 potions of curing {@q1}
 o - 2 potions of brilliance {unknown}


   Skills:
 + Level 6.1 Fighting
 * Level 9.8 Axes
 + Level 7.4 Armour
 + Level 7.4 Shields
 + Level 6.0 Invocations


You had 9 spell levels left.
You didn't know any spells.
Your spell library was empty.

Dungeon Overview and Level Annotations

Branches:
Dungeon (8/15)             Temple (0/1) D:6
   Lair: D:8-11

Altars:
Cheibriados
Dithmenos
Makhleb
Ru

Annotations:
D:8 Erica


Innate Abilities, Weirdness & Mutations

You are resistant to damage.
You can heal yourself by infusing magical energy.
You passively map the area around you.
You do not regenerate.


Message History

You are too injured to fight recklessly!
You are too injured to fight recklessly!
You are too injured to fight recklessly!
You are too injured to fight recklessly!
You are too injured to fight recklessly!
You are too injured to fight recklessly!
You are too injured to fight recklessly!
You are too injured to fight recklessly!
You are too injured to fight recklessly!
You feel much better.
You feel much better. Something hits you but does no damage.
You closely miss something. Something hits you but does no damage.
You closely miss something.
You hear some strange, mumbled words.
A bolt of poison appears from out of thin air!
The bolt of poison hits you.
You are poisoned.
You completely miss something. Something hits you! Something burns you.
You miss something.
Erica appears from thin air!
Reactivating autopickup.
Erica hits you with a +3 scimitar of flaming.
Erica burns you.
You slash Erica!
Erica is heavily wounded.
The orc priest begins to cast a cantrip, but forgets the words!
Erica hits you but does no damage.
You closely miss Erica.
Erica is heavily wounded.
Erica hits you with a +3 scimitar of flaming.
Erica burns you.
You hit Erica but do no damage.
Erica is heavily wounded.
Erica screams, "Do you want it fast or slow?!"
Erica hits you with a +3 scimitar of flaming.
Erica burns you.
You hit Erica.
Erica is heavily wounded.
You barely miss Erica.
Erica is heavily wounded.
Erica hits you but does no damage.
The sky beast flickers out of sight!
Deactivating autopickup; reactivate with Ctrl-A.
You barely miss Erica.
Erica is heavily wounded.
Erica hits you but does no damage.
You barely miss Erica.
Erica is heavily wounded.
The orc priest looks satisfied for a moment.
You block Erica's attack.
You hit Erica.
Erica is severely wounded.
The orc priest looks braver for a moment.
Erica hits you with a +3 scimitar of flaming.
Erica burns you.
Your shield and chain mail prevent you from hitting Erica.
Erica is severely wounded.
A sky beast appears from thin air!
Reactivating autopickup.
Erica points at you and mumbles some strange words.
You easily resist.
You hit Erica.
Erica is severely wounded.
Erica looks angry.
You block Erica's attack.
You closely miss Erica.
Erica is severely wounded.
Erica hits you but does no damage.
The orc priest invokes the aid of Beogh against you.
Beogh smites you!
You closely miss Erica.
Erica is severely wounded.
Erica points at you and mumbles some strange words.
The lance of force hits you!!
* * * LOW HITPOINT WARNING * * *
You are knocked back by the lance of force.
You slam into the rock wall!
* * * LOW HITPOINT WARNING * * *
You are too injured to fight recklessly!
You are too injured to fight recklessly!
You are too injured to fight recklessly!
You are too injured to fight recklessly!
You are too injured to fight recklessly!
You are too injured to fight recklessly!
You are too injured to fight recklessly!
You are too injured to fight recklessly!
You are too injured to fight recklessly!
You are too injured to fight recklessly!
You are too injured to fight recklessly!
You are too injured to fight recklessly!
You are too injured to fight recklessly!
You are too injured to fight recklessly!
You are too injured to fight recklessly!
You are too injured to fight recklessly!
You are too injured to fight recklessly!
You fail to use your ability.
The sky beast flickers out of sight!
Deactivating autopickup; reactivate with Ctrl-A.
Erica screams, "Die!"
Erica points at you and mumbles some strange words.
The bolt of poison hits you!!
You are more poisoned.
You die...

.# #...#......
##.# #........#.
#{. #..#.......
#o# #..##.....#
#S# #.........<
#@# #..........
#.######..........
#............[....
#@######.....)....
### ##..........
##...........
#............
#............
#..........#.
#............
#..........##
##........##


You could see Erica, an orc priest and an adder.

Vanquished Creatures
  A wizard (D:8)
  Pikel (D:7)
  Maurice (D:8)
  A troll (D:6)
  Sigmund (D:4)
  2 orc warriors
  2 ice beasts
  A sky beast (D:7)
  3 phantoms
  An ogre (D:7)
  3 bullfrogs
  A scorpion (D:7)
  4 howler monkeys
  2 jellies
  9 orc priests
  2 centaur skeletons
  2 bullfrog skeletons
  2 hounds
  Crazy Yiuf (D:7)
  2 iguanas (D:4)
  7 orc wizards
  11 worker ants
  2 howler monkey skeletons
  7 adders
  3 gnolls (D:6)
  A white imp (Abyss:2)
  An ufetubus (D:6)
  2 oozes
  An adder skeleton (D:6)
  3 leopard geckos
  27 orcs
  2 bats
  2 giant cockroaches
  2 hobgoblins
  10 jackals
  A kobold (D:2)
  A quokka (D:4)
  A giant cockroach zombie (D:5)
  2 leopard gecko skeletons
  A quokka skeleton (D:5)
  2 rats (D:2)
131 creatures vanquished.

Vanquished Creatures (others)
  2 toadstools (D:8)
2 creatures vanquished.

Grand Total: 133 creatures vanquished

Notes
Turn   | Place    | Note
-------+----------+-------------------------------------------
     0 | D:1      | EnegeticOcto the Deep Dwarf Fighter began the quest for the
                  | Orb.
     0 | D:1      | Reached XP level 1. HP: 20/20 MP: 1/1
   201 | D:2      | Reached XP level 2. HP: 25/27 MP: 2/2
   216 | D:2      | Reached skill level 3 in Axes
   216 | D:2      | Reached XP level 3. HP: 30/33 MP: 3/3
   264 | D:4      | Noticed Sigmund
   282 | D:4      | Reached XP level 4. HP: 13/42 MP: 3/3
   300 | D:4      | Reached skill level 4 in Axes
   300 | D:4      | Reached XP level 5. HP: 30/49 MP: 3/3
   331 | D:4      | Killed Sigmund
   331 | D:4      | Reached XP level 6. HP: 53/57 MP: 2/2
   429 | D:4      | Reached skill level 5 in Axes
   822 | D:5      | Entered Level 5 of the Dungeon
   860 | D:5      | Reached XP level 7. HP: 37/64 MP: 2/2
   888 | D:5      | Reached skill level 5 in Shields
   941 | D:5      | Reached skill level 5 in Armour
  1112 | D:5      | Reached skill level 6 in Axes
  1197 | D:5      | Found a sacrificial altar of Ru.
  1197 | D:5      | Found a snail-covered altar of Cheibriados.
  1198 | D:5      | Found a burning altar of Makhleb.
  1198 | D:5      | Found a shadowy altar of Dithmenos.
  1206 | D:5      | Became a worshipper of Makhleb the Destroyer
  1537 | D:6      | Reached skill level 1 in Invocations
  1598 | D:6      | Reached XP level 8. HP: 44/73 MP: 2/4
  1640 | D:6      | Found a staircase to the Ecumenical Temple.
  1640 | D:6      | Noticed a troll
  1671 | D:6      | Killed a troll
  1671 | D:6      | Reached skill level 7 in Axes
  1734 | D:6      | Reached skill level 5 in Fighting
  1774 | D:6      | Reached * piety under Makhleb
  2134 | D:7      | Reached skill level 8 in Axes
  2150 | D:7      | Gained mutation: You passively map the area around you.
                  | [Deep Dwarf growth]
  2150 | D:7      | Reached XP level 9. HP: 67/81 MP: 1/3
  2218 | D:7      | Noticed Pikel
  2240 | D:7      | Killed Pikel
  2300 | D:7      | Found a runed translucent door.
  2301 | D:7      | Noticed Crazy Yiuf
  2369 | D:7      | Reached ** piety under Makhleb
  2369 | D:7      | Reached skill level 5 in Invocations
  2390 | D:7      | Reached skill level 9 in Axes
  2657 | D:7      | Killed Crazy Yiuf
  2695 | D:8      | Noticed Maurice
  2718 | D:8      | Killed Maurice
  2822 | D:8      | Noticed a wizard
  2837 | D:8      | Cast into level 2 of the Abyss (a wizard)
  2878 | D:8      | Escaped the Abyss
  2881 | D:8      | Noticed Erica
  2890 | D:8      | Killed a wizard
  2890 | D:8      | Reached XP level 10. HP: 46/91 MP: 4/4
  2941 | D:8      | Killed from afar by Erica

Illustrated notes

Levels and vault maps discovered:
D:1:      lightli_molten_gateway, layout_basic
D:2:      layout_rooms, kennysheep_minor_cross
D:3:      layout_basic, fedhas_ov_isle_minmay, uniq_robin
D:4:      layout_rooms, uniq_sigmund
D:5:      layout_cave_pods, chequers_temple_overflow_statue_of_worship
D:6:      layout_basic, minmay_temple_entry_drinking_statues
D:7:      layout_rooms, uniq_crazy_yiuf_cottage, uniq_pikel
D:8:      cheibrodos_wizards_tower, layout_rooms,
          nicolae_overflow_crystal_walls, basic_altar, serial_shops, shop,
          minmay_gold_behind_fungi, uniq_gastronok, uniq_prince_ribbit1,
          uniq_erica, uniq_maurice

Skill      XL: |  1  2  3  4  5  6  7  8  9 |
---------------+----------------------------+-----
Axes           | 3 4 5 6 8 9 |  9.8
Fighting       | 3 4 5 6 |  6.1
Shields        | 4 5 6 7 |  7.4
Armour         | 4 5 6 7 |  7.4
Invocations    | 1 4 6 |  6.0

Action                   |  1- 3 |  4- 6 |  7- 9 | 10-12 || total
-------------------------+-------+-------+-------+-------++-------
Melee: War axe           |    60 |   110 |   391 |    43 ||   604
 Abil: Heal Wounds       |     3 |     6 |    20 |     5 ||    34
Evoke: Wand              |       |       |     3 |       ||     3
  Use: Scroll            |       |       |    11 |       ||    11
Armor: Scale mail        |    34 |    70 |    83 |       ||   187
       Chain mail        |       |       |    90 |    16 ||   106
       Skin              |       |       |     7 |       ||     7
Dodge: Dodged            |    22 |    35 |   111 |       ||   168
Block: Kite shield       |    38 |    84 |   229 |     2 ||   353

Table legend: (Time is in decaauts)
 A = Elapsed time spent in this place.
 B = Non-inter-level travel time spent in this place.
 C = Inter-level travel time spent in this place.
 D = Time resting spent in this place.
 E = Time spent auto-exploring this place.
 F = Levels seen in this place.
 G = Mean time per level.
                   A        B        C        D        E       F      G
               +--------+--------+--------+--------+--------+-----+--------+
         Total |   3074 |   2964 |    110 |     18 |   1835 |   9 |  341.6 |
       Dungeon |   3033 |   2923 |    110 |     18 |   1810 |   8 |  379.1 |
         Abyss |     41 |     41 |      0 |      0 |     25 |   1 |   41.0 |
               +--------+--------+--------+--------+--------+-----+--------+

Top non-repeatable levels by time:
     D:5: 723 daAuts
     D:6: 619 daAuts
     D:4: 595 daAuts
     D:7: 588 daAuts
     D:8: 221 daAuts
     D:1: 205 daAuts
     D:2: 46 daAuts
 Abyss:2: 41 daAuts
     D:3: 31 daAuts
